 Dungeon Crawl Stone Soup version 0.29-a0-320-g9f8742066b (webtiles) character file.

Game seed: 9609795166258607892

49 sammy202020 the Skirmisher (level 3, 29/29 HPs)
             Began as a Demonspawn Berserker on Apr 2, 2022.
             Was a Believer of Trog.
             Quit the game on level 2 of the Dungeon.
             The game lasted 00:01:27 (1092 turns).

sammy202020 the Skirmisher (Demonspawn Berserker)   Turns: 1092, Time: 00:01:28

Health: 29/29      AC: 20    Str: 17    XL:     3   Next: 53%
Magic:  3/3        EV:  5    Int: 10    God:    Trog [**....]
Gold:   103        SH:  0    Dex: 12    Spells: 2/2 levels left

rFire   . . .      SeeInvis .   a - +0 hand axe
rCold   . . .      Faith    .   (no shield)
rNeg    . . .      Spirit   .   l - +0 plate armour
rPois   .          Reflect  .   (no helmet)
rElec   .          Harm     .   k - +0 cloak
rCorr   .          Rampage  .   (no gloves)
Will    .....                   (no boots)
Stlth   ..........              (no amulet)
HPRegen 0.09/turn               c - +4 ring of protection
MPRegen 0.08/turn               h - +4 ring of protection

@: no status effects
A: claws 1
a: Renounce Religion, Berserk, Trog's Hand


You were on level 2 of the Dungeon.
You worshipped Trog.
Trog was pleased with you.
You visited 1 branch of the dungeon, and saw 2 of its levels.

You collected 103 gold pieces.

Inventory:

Hand Weapons
 a - a +0 hand axe (weapon)
Missiles
 g - 2 throwing nets (quivered)
Armour
 b - a +0 animal skin
 k - a +0 cloak (worn)
 l - a +0 plate armour (worn)
Jewellery
 c - a +4 ring of protection (left claw)
 h - a +4 ring of protection (right claw)
Scrolls
 d - 2 scrolls of teleportation {unknown}
 f - a scroll of fog {unknown}
 j - a scroll of identify {unknown}
Potions
 e - a potion of curing {unknown}
 i - a potion of magic {unknown}


   Skills:
 * Level 3.5 Fighting
 * Level 3.2 Axes
 + Level 2.1 Armour
 + Level 2.0 Dodging
 * Level 1.0 Unarmed Combat


You had 2 spell levels left.
You didn't know any spells.
Your spell library was empty.

Dungeon Overview and Level Annotations

Branches:
Dungeon (2/15)

Altars:

Annotations:
D:1 1 transporter


Innate Abilities, Weirdness & Mutations

You have sharp fingernails.


Message History

You see here 17 gold pieces.
A rat is nearby!
You hit the rat.
You kill the rat!
Trog accepts your kill.
You can now call upon Trog for regeneration and willpower.
No target in view!
No target in view!
No target in view!
No target in view!
No target in view!
No target in view!
No target in view!
No target in view!
You now have 103 gold pieces (gained 17).
You open the door.
There is an open door here.
An endoplasm comes into view.
The endoplasm quivers.
An endoplasm is nearby!
An endoplasm is nearby!
The endoplasm barely misses you.
You hit the endoplasm but do no damage.
The endoplasm hits you but does no damage.
You hit the endoplasm.
You kill the endoplasm!
Trog accepts your kill.
No target in view!
No target in view!
No target in view!
No target in view!
No target in view!
No target in view!
No target in view!
No target in view!
No target in view!
No target in view!
No target in view!
No target in view!
Are you sure you want to abandon this character and quit the game? (Confirm with "yes".)

.. . ..##+###. ........#
#. .# ........# #.#.#
........# ####.#.#
........# #......#
........# #......# #.
.......@# #......######.
........# #.............
........# #.....#######.
........###.............
####......'......#...##.
########......#......
#.#+##.#...##. #.#
#.#...### #.# #.##.##


There were no monsters in sight!

Vanquished Creatures
  A jelly (D:2)
  A dart slug (D:1)
  4 bats (D:1)
  An endoplasm (D:2)
  A giant cockroach (D:2)
  A hobgoblin (D:1)
  A quokka (D:1)
  A ball python (D:1)
  5 frilled lizards (D:1)
  2 kobolds (D:1)
  2 rats (D:2)
20 creatures vanquished.

Notes
Turn   | Place    | Note
-------+----------+-------------------------------------------
     0 | D:1      | sammy202020 the Demonspawn Berserker began the quest for
                  | the Orb.
     0 | D:1      | Reached XP level 1. HP: 18/18 MP: 1/1
   206 | D:1      | Gained mutation: You have sharp fingernails. [demonic
                  | ancestry]
   206 | D:1      | Reached XP level 2. HP: 19/24 MP: 2/2
   621 | D:1      | Found a faded altar of an unknown god.
   828 | D:2      | Reached skill level 1 in Unarmed Combat
   828 | D:2      | Reached XP level 3. HP: 7/29 MP: 3/3
  1067 | D:2      | Reached ** piety under Trog
  1092 | D:2      | Quit the game

Illustrated notes

Levels and vault maps discovered:
D:1:      spicycebolla_arrival_teleporter_tutorial, layout_rooms,
          hellmonk_ecumenical_altar_heavens_door
D:2:      layout_basic, basic_altar

Skill      XL: |  1  2 |
---------------+-------+-----
Armour         | 2 |  2.1
Axes           | 3 |  3.2
Dodging        | 2 |  2.0
Unarmed Combat | 1 |  1.0
Fighting       | |  3.5

Action                   || total
-------------------------++-------
Melee: Hand axe          ||    66
       Punch             ||     1
Armor: Animal skin       ||    15
       Plate armour      ||    11
Dodge: Dodged            ||    41

Table legend: (Time is in decaauts)
 A = Elapsed time spent in this place.
 B = Non-inter-level travel time spent in this place.
 C = Inter-level travel time spent in this place.
 D = Time resting spent in this place.
 E = Time spent auto-exploring this place.
 F = Levels seen in this place.
 G = Mean time per level.
                   A        B        C        D        E       F      G
               +--------+--------+--------+--------+--------+-----+--------+
         Total |   1101 |   1043 |     58 |      0 |    850 |   2 |  550.5 |
       Dungeon |   1101 |   1043 |     58 |      0 |    850 |   2 |  550.5 |
               +--------+--------+--------+--------+--------+-----+--------+

Top non-repeatable levels by time:
     D:1: 777 daAuts
     D:2: 324 daAuts
